 Dungeon Crawl Stone Soup version 0.30.1-9-gdf580d7c3d (webtiles) character file.

Game seed: 4211652745060627767

67 H0rd4k the Charlatan (level 4, -2/32 HPs)
             Began as a Human Artificer on Sept 25, 2023.
             Slain by Duvessa
             ... wielding a +0 rapier
              (6 damage)
             ... on level 4 of the Dungeon.
             The game lasted 00:02:18 (2548 turns).

H0rd4k the Charlatan (Human Artificer)              Turns: 2548, Time: 00:02:18

Health: -2/32      AC:  3    Str: 12    XL:     4   Next: 38%
Magic:  4/4        EV: 12    Int: 14    God:
Gold:   164        SH:  0    Dex: 19    Spells: 3/3 levels left

rFire   . . .        g - +1 dagger (flame)
rCold   . . .        (no shield)
rNeg    . . .        b - +0 leather armour
rPois   .            (no helmet)
rElec   .            (no cloak)
rCorr   .            (no gloves)
SInv    .            (no boots)
Will    .....        x - amulet of the acrobat
Stlth   ++           y - +6 ring of dexterity
HPRegen 0.25/turn    (no ring)
MPRegen 0.09/turn

%: acrobat
@: mighty, attractive, flying
A: no striking features
a: no special abilities


You were on level 4 of the Dungeon.
You visited 1 branch of the dungeon, and saw 4 of its levels.

You collected 164 gold pieces.

Inventory:

Hand Weapons
 g - a +1 dagger of flaming (weapon)
Missiles
 a - 6 datura-tipped darts
 i - 2 poisoned darts
 s - a throwing net
Armour
 b - a +0 leather armour (worn)
Jewellery
 x - an amulet of the acrobat (around neck)
 y - a +6 ring of dexterity (left hand)
Wands
 c - a wand of flame (14) (quivered)
 d - a wand of charming (13)
 e - a wand of iceblast (5)
 t - a wand of paralysis (11)
Scrolls
 f - 5 scrolls of identify {unknown}
 j - a scroll of brand weapon {unknown}
 k - a scroll of vulnerability {unknown}
 l - a scroll of enchant weapon {unknown}
 n - a scroll of poison {unknown}
 o - 2 scrolls of teleportation {unknown}
 q - a scroll of enchant armour {unknown}
Potions
 h - 2 potions of flight
 p - a potion of berserk rage {unknown}
 r - a potion of brilliance {unknown}
 u - a potion of might
 v - a potion of ambrosia {unknown}
 w - 2 potions of curing {unknown}


   Skills:
 + Level 1.5 Fighting
 + Level 1.4 Short Blades
 - Level 2.0 Armour
 + Level 1.5 Dodging
 - Level 1.0 Stealth
 + Level 4.1 Evocations


You had 3 spell levels left.
You didn't know any spells.
Your spell library contained the following spells:

 Spells                   Type           Power      Damage    Failure   Level
 Malign Gateway           Summ/Tloc      0%         N/A       100%        7
 Summon Horrible Things   Summ           0%         N/A       100%        8


Dungeon Overview and Level Annotations

Branches:
Dungeon (4/15)
 Temple: D:4-7

Altars:
Ru

Shops:
D:2 *

Annotations:
D:4 Dowan, Duvessa


Message History

Duvessa seems to speed up.
Aiming: Charm
Press: ? - help, Shift-Dir - straight line, f/p - Dowan
Aim: Dowan, wielding a +3 dagger of venom and wearing a +0 robe (chance to affect: 59%) Dowan is charmed.
Unknown command.
What are your orders? t - Shout!
Orders for allies: a - Attack new target. p - Attack previous target. r - Retreat! s - Stop attacking. g - Guard the area. f - Follow me.
Anything else - Cancel.
Guard this area!
Duvessa closely misses you.
You closely miss Duvessa. Duvessa hits you with a +0 rapier!
Duvessa misses you.
You hit Duvessa but do no damage. Duvessa barely misses you.
Dowan misses Duvessa.
Unknown command.
You hit Duvessa but do no damage. Duvessa hits you with a +0 rapier.
Dowan hits Duvessa with a +3 dagger of venom!
Duvessa hits you with a +0 rapier!
* * * LOW HITPOINT WARNING * * *
Unknown command.
It was a potion of flight.
You feel very buoyant.
You fly up into the air.
Duvessa closely misses you.
Dowan hits Duvessa with a +3 dagger of venom.
Duvessa is poisoned.
It was a potion of attraction.
You feel attractive to monsters.
Duvessa gestures with her weapon.
Duvessa hits you with a +0 rapier.
* * * LOW HITPOINT WARNING * * *
Dowan hits Duvessa with a +3 dagger of venom.
Duvessa looks as sick as possible!
Duvessa barely misses you.
It was a potion of might.
You feel very mighty all of a sudden. Duvessa hits you with a +0 rapier.
You die...

### ..# ..# ###### ..#
##....# ..# ###..#.##
..# ###......#
.######...#.#### #
........###.########....
†.....###.).....@ee...#
.............######..##
.....###.##### #
.........###
...........#
...)..#........
..#............
#<<.#..........
#.......(......


You could see Duvessa (fast, extremely poisoned, ally target) and the friendly
Dowan (charmed).

Vanquished Creatures
  An adder (D:2)
  2 worms
  2 dart slugs
  An orc (D:4)
  2 bats (D:1)
  4 endoplasms
  6 goblins
  5 hobgoblins
  3 jackals (D:3)
  3 quokkas
  4 ball pythons
  A frilled lizard (D:2)
  6 kobolds
  3 rats
43 creatures vanquished.

Notes
Turn   | Place    | Note
-------+----------+-------------------------------------------
     0 | D:1      | H0rd4k the Human Artificer began the quest for the Orb.
     0 | D:1      | Reached XP level 1. HP: 15/15 MP: 1/1
   151 | D:1      | Reached XP level 2. HP: 21/21 MP: 2/2
   449 | D:1      | Reached XP level 3. HP: 19/26 MP: 3/3
   880 | D:2      | Found Arira's Assorted Antiques.
  1345 | D:2      | Reached skill level 4 in Evocations
  1556 | D:3      | Reached skill level 1 in Short Blades
  1605 | D:3      | Reached XP level 4. HP: 32/32 MP: 4/4
  1631 | D:3      | Found a faded altar of an unknown god.
  1793 | D:3      | Found a sacrificial altar of Ru.
  2356 | D:4      | HP: 1/32 [orc/+0 quarterstaff (10)]
  2538 | D:4      | Noticed Duvessa
  2538 | D:4      | Noticed Dowan
  2548 | D:4      | Slain by Duvessa

Illustrated notes

Levels and vault maps discovered:
D:1:      spicycebolla_green_bress_n_ham, layout_loops_ring,
          nicolae_eternal_life, corexii_leaking_fountain
D:2:      layout_basic, serial_shops, nicolae_shop_tiny_statue_garden
D:3:      layout_loops_ring, mainiacjoe_overflow_catwalk,
          dreamdust_ecumenical_altar_angels_and_demons
D:4:      layout_rooms, minmay_temple_entry_large_hall, uniq_menkaure,
          uniq_sigmund, uniq_duvessa

Skill      XL: |  1  2  3 |
---------------+----------+-----
Evocations     | 4 |  4.1
Short Blades   | 1 |  1.4
Fighting       | |  1.5
Armour         | |  2.0
Dodging        | |  1.5
Stealth        | |  1.0

Action                     |  1- 3 |  4- 6 || total
---------------------------+-------+-------++-------
  Melee: Dagger            |   107 |    58 ||   165
         Punch             |     1 |     1 ||     2
  Evoke: Wand              |     1 |     2 ||     3
    Use: Potion            |       |     3 ||     3
   Stab: Sleeping          |     3 |     2 ||     5
 Armour: Leather armour    |    23 |    10 ||    33
  Dodge: Dodged            |    53 |    32 ||    85
